AoeStats
← KSK1912

Arena

508024518Analyzed
2v2 RM · 11d ago on Sep 20, 2026· 41m 58s· 4 players
Game mode
Random Map
Map size
Medium (4 player)
Population
200
Speed
Normal
Resources
Standard
Victory
Conquest
Starting age
Dark Age
Ending age
Imperial Age
RankedLock teamsTeams togetherTeam positionsShared explorationLock speedFull tech treeHidden civsTurbo modeCheats
Victory
Defeat
🇺🇸 Magyars · United States
939
+16
🇺🇸 Wei · United States
846
+19
🇹🇷 Koreans · Türkiye
939
-18
🇨🇳 Franks · China
917
-17
MoroseZeus50
13:47 Feudal Age
15:04 Wheelbarrow
14:17 Double-Bit Axe
19:27 Castle Age
17:52 Stone Mining
20:52 Hand Cart
21:01 Bow Saw
20:35 Horse Collar
30:30 Imperial Age
28:34 Bloodlines
28:55 Corvinian Army
29:08 Scale Barding Armor
29:30 Husbandry
30:44 Chain Barding Armor
30:40 Elite Magyar Huszar
32:14 Conscription
32:49 Plate Barding Armor
OGDaveyDave
10:58 Feudal Age
12:42 Wheelbarrow
11:53 Double-Bit Axe
12:12 Horse Collar
13:51 Gold Mining
14:15 Stone Mining
19:51 Castle Age
17:39 Loom
19:55 Castle Age
17:43 Town Watch
19:59 Castle Age
22:03 Hand Cart
21:59 Bow Saw
21:51 Heavy Plow
22:27 Gold Shaft Mining
22:27 Stone Shaft Mining
22:38 Town Patrol
22:51 Forging
22:41 Scale Mail Armor
22:31 Fletching
22:42 Padded Archer Armor
22:47 Scale Barding Armor
25:33 Bodkin Arrow
25:55 Leather Archer Armor
28:15 Chain Barding Armor
28:30 Iron Casting
29:40 Ballistics
36:52 Imperial Age
35:50 Elite Skirmisher
37:35 Bracer
38:18 Conscription
40:48 Ring Archer Armor
41:19 Blast Furnace
40:19 Scale Mail Armor
40:37 Bloodlines
40:28 Husbandry
39:49 Light Cavalry
41:40 Ming Guang Armor
41:34 Tuntian
42:10 Thumb Ring
42:30 Parthian Tactics
42:36 Parthian Tactics
KSK1912
10:58 Feudal Age
19:03 Castle Age
17:18 Stone Mining
17:17 Loom
17:25 Double-Bit Axe
22:13 Wheelbarrow
21:50 Bow Saw
22:23 Gold Mining
24:29 Horse Collar
28:48 Husbandry
28:58 Scale Barding Armor
29:50 Hand Cart
29:40 Heavy Plow
32:22 Chain Barding Armor
32:02 Scale Mail Armor
35:04 Gold Shaft Mining
38:28 Imperial Age
37:40 Stone Shaft Mining
37:28 Ballistics
38:48 Cavalier
刚被警方控制
10:10 Feudal Age
8:46 Loom
16:08 Castle Age
13:56 Double-Bit Axe
17:15 Wheelbarrow
16:41 Light Cavalry
26:06 Hand Cart
28:38 Bow Saw
28:22 Gold Mining
33:25 Imperial Age
31:15 Town Watch
32:15 Gold Shaft Mining
31:32 Stone Mining
31:40 Stone Mining
31:53 Husbandry
32:29 #83
32:25 Scale Barding Armor
34:02 Chain Barding Armor
33:55 Forging
34:30 Chivalry
34:52 Conscription
34:09 Cavalier
39:55 Plate Barding Armor
43:10 Iron Casting
Connection lost

Rejoining the realm…

Still unreachable

The connection could not be restored.

Session expired

The server has moved on; the page needs a fresh start.